 Dungeon Crawl Stone Soup version 0.31.0-11-ge490571c62 (webtiles) character file.

Game seed: 12678470702561859012

432 Leszczynek the Apothecary (level 6, -1/41 HPs)
             Began as a Mummy Alchemist on Jan 26, 2024.
             Slain by an orc wizard
             ... wielding a +0 dagger
              (2 damage)
             ... on level 4 of the Dungeon.
             The game lasted 00:27:45 (4509 turns).

Leszczynek the Apothecary (Mummy Alchemist)         Turns: 4509, Time: 00:27:46

Health: -1/41      AC:  2    Str: 12    XL:     6   Next: 67%
Magic:  1/10       EV: 12    Int: 16    God:
Gold:   214        SH:  0    Dex: 12    Spells: 4/10 levels left

rFire   x . .        c - +0 rapier
rCold   + . .        (no shield)
rNeg    + + +        w - +0 robe
rPois   ∞            (no helmet)
rElec   .            (no cloak)
rCorr   .            (no gloves)
SInv    .            (no boots)
Will    .....        (no amulet)
Stlth   ++           (no ring)
HPRegen 0.26/turn    (no ring)
MPRegen 0.12/turn

%: faith
@: no status effects
A: cold resistance 1, negative energy resistance 3, torment resistance 2, heat
vulnerability 1, in touch with death 1, no potions, faith
a: no special abilities


You were on level 4 of the Dungeon.
You visited 1 branch of the dungeon, and saw 5 of its levels.
You also visited: Sewer.

You collected 214 gold pieces.

Inventory:

Hand Weapons
 a - a +2 flail of protection
 c - a +0 rapier (weapon)
 i - a +0 mace
Missiles
 l - 8 poisoned darts
Armour
 k - a +0 ring mail
 w - a +0 robe (worn)
Jewellery
 f - an amulet of guardian spirit
Wands
 m - a wand of iceblast (8)
Scrolls
 b - a scroll of noise {!r}
 d - a scroll of immolation {!r}
 g - 3 scrolls of teleportation
 j - a scroll of fog {unknown}
 n - a scroll of summoning


   Skills:
 + Level 1.4 Maces & Flails
 - Level 1.5 Dodging
 - Level 1.5 Stealth
 + Level 2.9 Spellcasting
 - Level 3.0 Conjurations
 - Level 3.0 Air Magic
 - Level 4.0 Alchemy


You had 4 spell levels left.
You knew the following spells:

 Your Spells              Type           Power      Damage    Failure   Level
a - Sting                 Conj/Alch      52%        1d6       4%          1
b - Mercury Vapours       Alch/Air       26%        N/A       7%          2
c - Mephitic Cloud        Conj/Alch/Air  13%        N/A       14%         3

Your spell library contained the following spells:

 Spells                   Type           Power      Damage    Failure   Level
 Olgreb's Toxic Radiance  Alch           15%        N/A       36%         4
 Frozen Ramparts          Ice            4%         1d1       50%         3
 Inner Flame              Hex/Fire       2%         N/A       50%         3
 Leda's Liquefaction      Alch/Erth      4%         N/A       63%         4
 Petrify                  Alch/Erth      8%         N/A       63%         4
 Sticky Flame             Fire/Alch      8%         2d4       63%         4
 Irradiate                Conj/Alch      6%         3d13      77%         5
 Metabolic Englaciation   Hex/Ice        1%         N/A       99%         5
 Ignition                 Fire           1%         3d3       100%        8


Dungeon Overview and Level Annotations

Branches:
Dungeon (5/15)              Sewer (visited)
 Temple: D:4-7

Altars:

Shops:
D:1 [

Annotations:
D:4 3 runed translucent doors, exclusion: lemure, mooncake's ghost, amateur HOFi


Innate Abilities, Weirdness & Mutations

You are immune to poison.
Your flesh is cold resistant. (rC+)
You are immune to negative energy. (rN+++)
You are immune to unholy pain and torment.
You are vulnerable to heat. (rF-)
You are in touch with the powers of death.
You do not drink.
You have a special connection with the divine. (Faith)


Message History

Reactivating autopickup.
There is a stone staircase leading down here.
Something hits you.
Deactivating autopickup; reactivate with Ctrl-A.
Something hits you but does no damage.
Casting: Sting (safe; 4% risk of failure)
Confirm with . or Enter, or press ? or * to list all spells.
Aiming: Sting (safe; 4% risk of failure)
Press: ? - help, Shift-Dir - straight line, f - orc
Aim: an orc, wielding a +0 club and wearing a +0 leather armour (71% to hit)
The sting misses the orc.
You hear some strange, mumbled words.
A puff of flame appears from out of thin air!
The puff of flame hits you! The fire burns you terribly!
* * * LOW HITPOINT WARNING * * *
Okay, then.
Okay, then.
Casting: Sting (safe; 4% risk of failure)
Confirm with . or Enter, or press ? or * to list all spells.
Aiming: Sting (safe; 4% risk of failure)
Press: ? - help, Shift-Dir - straight line, f/p - orc
Aim: an orc, wielding a +0 club and wearing a +0 leather armour (71% to hit)
The sting hits something.
Something hits you.
* * * LOW HITPOINT WARNING * * *
Casting: Sting (safe; 4% risk of failure)
Confirm with . or Enter, or press ? or * to list all spells.
Aiming: Sting (safe; 4% risk of failure)
Press: ? - help, Shift-Dir - straight line, f/p - orc
Aim: an orc, wielding a +0 club and wearing a +0 leather armour (71% to hit)
The sting hits the orc but does no damage.
The orc is poisoned.
Something hits you but does no damage.
Casting: Sting (safe; 4% risk of failure)
Confirm with . or Enter, or press ? or * to list all spells.
You don't have enough magic to cast this spell.
Unknown command.
You can't drink.
The air fills with toxic fumes!
As you read the scroll labelled OKOFEGREGI, it crumbles to dust.
It was a scroll of poison.
Something hits you.
You die...

# #...## #.# # ##...##
#§# # ##.....## #§#
###.......## ##§##
##.........####§§§##
.'.........'..§§§§§###
##.........#...§o§...#
###.......##.###{###.#
# ##..!..###. #@# #.#
##...## #. #§###.#
##'## #. #§§.#.# #.#
#. ###§#.# #.#
#.#####§#.# ##.##
#....†..§.#
##...##########.###
####...............#
>.......#.##########


You could see an orc (poisoned).

Vanquished Creatures
  A kobold brigand (Sewer)
  A bombardier beetle (D:4)
  A hound (D:4)
  An iguana (D:4)
  2 orc wizards
  10 adders
  2 river rats (Sewer)
  A dart slug (D:2)
  A ribbon worm (D:4)
  8 orcs
  4 bats
  8 endoplasms
  8 giant cockroaches
  10 hobgoblins
  5 quokkas
  8 ball pythons
  4 frilled lizards (D:1)
  12 goblins
  10 kobolds
  9 rats
106 creatures vanquished.

Notes
Turn   | Place    | Note
-------+----------+-------------------------------------------
     0 | D:1      | Leszczynek the Mummy Alchemist began the quest for the Orb.
     0 | D:1      | Reached XP level 1. HP: 13/13 MP: 4/4
     0 | D:1      | yesss, this looks properly awful
     0 | D:1      | four different schools in the starting book, sounds great
    36 | D:1      | oh shit goblin with a mace
   151 | D:1      | Reached skill level 1 in Conjurations
   238 | D:1      | huh
   238 | D:1      | fire elementalist? :D
   255 | D:1      | Found Timm's Antique Armour Boutique.
   345 | D:1      | Reached XP level 2. HP: 19/19 MP: 3/5
   348 | D:1      | Learned a level 2 spell: Mercury Vapours
   508 | D:1      | oh boy, endoplasm has rpois
   508 | D:1      | scary, scary
   682 | D:1      | Reached skill level 1 in Air Magic
   978 | D:1      | Reached XP level 3. HP: 24/24 MP: 7/7
  1215 | D:2      | i think it'll be easier to transition into a fighter
  1215 | D:2      | maybe
  1488 | D:2      | Learned a level 3 spell: Mephitic Cloud
  1787 | D:2      | Reached skill level 3 in Alchemy
  1940 | D:3      | Reached XP level 4. HP: 27/30 MP: 8/8
  2074 | D:2      | Reached skill level 2 in Conjurations
  2596 | D:3      | oh shit i fell asleep
  2596 | D:3      | literally
  2600 | D:3      | Reached skill level 2 in Air Magic
  2600 | D:3      | Reached XP level 5. HP: 35/35 MP: 4/9
  2698 | D:3      | sleepcap, rpois
  2698 | D:3      | doesn't look like it'd be a good idea to fight it
  2916 | D:4      | Noticed mooncake's ghost (amateur HOFi)
  2916 | D:4      | Noticed a black bear
  2922 | D:4      | Found a runed translucent gate.
  2922 | D:4      | Found a runed translucent gate.
  2922 | D:4      | Found a runed translucent gate.
  2922 | D:4      | Noticed a phantom
  2950 | D:4      | Noticed a lemure
  3117 | D:4      | Found a glowing drain.
  3165 | Sewer    | Entered a sewer
  3371 | Sewer    | Reached skill level 1 in Maces & Flails
  3371 | Sewer    | Reached XP level 6. HP: 32/41 MP: 1/10
  3803 | D:4      | Reached skill level 3 in Conjurations
  4241 | D:5      | Entered Level 5 of the Dungeon
  4300 | D:4      | ow
  4416 | D:5      | Reached skill level 4 in Alchemy
  4501 | D:5      | Reached skill level 3 in Air Magic
  4506 | D:4      | HP: 2/41 [something/puff of flame (15)]
  4509 | D:4      | Slain by an orc wizard

Illustrated notes ### #@# ##.# ## Turn 0 on D:1: yesss, this looks properly awful .# ### .# . ##.## .# .. ##.#.## .# .. ##.###.## .# .# # ##.## ##.## ##.#.†#.# ###.## ##.## ##.......# .#.## ##.###@..g..... #.## ##.#.##.#..### ### ##.#.#.# # ####..# #... ..... #..## ...# ... Turn 36 on D:1: oh shit goblin with a mace ##..###..####.# #...##..####.####### ##..................# ......#.####.######## #....#.# #.# .#"...#.# #.# #.......# #.# #.......# #.# #......@####.# ......#......# ..... #.###### ..........).... #.......######. ......#.# ........# ..###.#.# # # ... Turn 238 on D:1: huh #.........# #.........# #.........##### ##.........#...# #..............# #.#####...#....## ##.# #.......... #..# #.......... ##@## #(........! #..# #.......... #.## #.......†.. #..# ####......# ....# ######## #...... #...K.#. #...... .S #J###### . Turn 508 on D:1: oh boy, endoplasm has rpois #. # # #. ## .### .#. # ... ... #.# .. ...##.##.# .# ###.>...@###.# ##............# ..............## .....>..)......###. ................... .......##......## #.....# #.#...## ##.... !..##)## ##.########)# Turn 1215 on D:2: i think it'll be easier to transition into a fighter

.....#.....##.# ###
...#.#.......#....!##.# ..##
....#.#.............##.## ...#...
.........................
.................................
..⌠......#.......o###.#.....##.##
.........#........###.#.....##.#
⌠..#........................##.#
o..# #.. #......@...........##.#
...# #..##....................)#
.... .................#.....##.#
...## .#......................##
..####. #.........^..........#...
.....#.##.............##..#..#.##
................................
............###..#.#.##..#..#.##
....#..............#.##.........


Turn 2596 on D:3: oh shit i fell asleep ... ...#. ... .#.. #.... ..... . ....#
#...# . ....## . ...... ....##..# ....## ...... ......... ......
.f....##...##..# .#.... ................ .....# . ................ ...... ..
#$.@........ .....# ...# ###########.....#.#.......#
...####.....#####.....#.#........ .....#.......#...................
.........<....................... ....#.⌠.....⌠......#........###.#
....#..............#........###.# ....#...⌠.⌠..#............)......
.............###..##............. Turn 2698 on D:3: sleepcap, rpois ####...####
#.# ## #...# #.# .# #...## #.# .# ##...## #.# .# ##.....## #.# .###.......##
##.## .##.........####...## ..'.........'..†....### .##.........#...@.....#
.###.......##.###.###.# ## ##..!..###. #.# #.# # ##...## #. #.###.# # ##'## #.
#...#.# # #.# #. ###.#.# # #.# #.#####>#.# # ##.## #....†....# #
##...##########.### Turn 4300 on D:4: ow

Levels and vault maps discovered:
D:1:      nagdon_arrival_zigzag_paths, layout_basic, serial_shops,
          nicolae_shop_advertising_works [nicolae_subvault_shop_adworks]
D:2:      layout_loops_ring
D:3:      layout_basic, grunt_ministairs_9
D:4:      layout_loops_corners, general_overflow_altar,
          nzn_hepliaklqana_mist_gate, gammafunk_ghost_split,
          gup_sewer_entry_pipe, uniq_pikel
D:5:      minmay_bubble_buster, layout_basic, mainiacjoe_overflow_24_doors,
          temple_fountains, uniq_edmund

Skill      XL: |  1  2  3  4  5  6 |
---------------+-------------------+-----
Conjurations   | 1 2 3 |  3.0
Air Magic      | 1 2 3 |  3.0
Alchemy        | 3 4 |  4.0
Maces & Flails | 1 |  1.4
Dodging        | |  1.5
Stealth        | |  1.5
Spellcasting   | |  2.9

Action                     |  1- 3 |  4- 6 || total
---------------------------+-------+-------++-------
  Melee: Rapier            |    77 |   114 ||   191
         Punch             |       |     2 ||     2
   Cast: Sting             |    35 |    49 ||    84
         Mercury Vapours   |    13 |    30 ||    43
    Use: Scroll            |       |     5 ||     5
   Stab: Sleeping          |     4 |       ||     4
 Armour: Robe              |    28 |    69 ||    97
  Dodge: Dodged            |    55 |    89 ||   144
